 Dungeon Crawl Stone Soup version 0.29.1-12-g30fa7ad0bf (webtiles) character file.

Game seed: 6238355654392056352

631 kingofthe the Caller (level 7, -2/52 HPs)
             Began as a Merfolk Summoner on Jan 14, 2023.
             Was an Initiate of Hepliaklqana.
             Succumbed to a water moccasin's poison
             ... on level 5 of the Dungeon.
             The game lasted 00:27:05 (6769 turns).

kingofthe the Caller (Merfolk Summoner)             Turns: 6769, Time: 00:27:06

Health: -2/52      AC: 11    Str:  8    XL:     7   Next: 48%
Magic:  9/12       EV: 15    Int: 15    God:    Hepliaklqana [......]
Gold:   240        SH:  5    Dex: 22    Spells: 7/13 levels left

rFire   . . .      SeeInvis .   a - +1 mace (protect)
rCold   . . .      Faith    .   (no shield)
rNeg    + . .      Spirit   .   h - +0 robe
rPois   .          Reflect  +   n - +0 helmet
rElec   .          Harm     .   (no cloak)
rCorr   .          Rampage  .   d - +0 pair of gloves
Will    .....                   (no boots)
Stlth   +++.......              j - amulet of reflection
HPRegen 0.17/turn               z - ring of positive energy
MPRegen 0.13/turn               D - +6 ring of dexterity

@: brilliant, lethally poisoned (-2 -> -20), under a protective aura
A: (nimble swimmer 2), mertail
a: Renounce Religion


You were on level 5 of the Dungeon.
You worshipped Hepliaklqana.
Hepliaklqana was noncommittal.
You visited 2 branches of the dungeon, and saw 6 of its levels.

You collected 240 gold pieces.

Inventory:

Hand Weapons
 a - a +1 mace of protection (weapon)
 b - a +1 dagger of venom
 m - a +0 spear
 t - a +0 trident
 u - a +2 dagger of flaming
 C - a +0 dagger of speed
 I - a +0 short sword of electrocution
Missiles
 k - 71 stones (quivered)
Armour
 d - a +0 pair of gloves (worn)
 h - a +0 robe (worn)
 n - a +0 helmet (worn)
Jewellery
 j - an amulet of reflection (around neck)
 w - an amulet of magic regeneration
 z - a ring of positive energy (left hand)
 D - a +6 ring of dexterity (right hand)
Wands
 r - a wand of charming (1)
Scrolls
 c - 3 scrolls of identify {unknown}
 g - a scroll of enchant armour {unknown}
 i - 3 scrolls of teleportation {unknown}
 l - a scroll of vulnerability {unknown}
 q - 3 scrolls of blinking {unknown}
 v - 2 scrolls of magic mapping {unknown}
 x - a scroll of poison {unknown}
 y - a scroll of summoning {unknown}
 G - 2 scrolls of amnesia {unknown}
 H - a scroll of immolation {unknown}
Potions
 e - a potion of cancellation {unknown}
 f - a potion of berserk rage {unknown}
 o - a potion of magic
 p - 2 potions of might {unknown}
 s - a potion of mutation {unknown}
 A - a potion of brilliance
 B - a potion of ambrosia {unknown}
 E - 2 potions of attraction {unknown}
 F - a potion of curing {unknown}
 J - a potion of invisibility {unknown}


   Skills:
 + Level 3.1 Fighting
 - Level 5.1 Dodging
 - Level 3.0 Stealth
 + Level 3.8 Spellcasting
 + Level 5.5 Summonings
 * Level 2.2 Air Magic


You had 7 spell levels left.
You knew the following spells:

 Your Spells              Type           Power      Damage    Failure   Level
a - Summon Small Mammal   Summ           100%       N/A       1%          1
c - Magic Dart            Conj           16%        1d3       19%         1
x - Shock                 Conj/Air       36%        1d5       12%         1
z - Call Canine Familiar  Summ           29%        N/A       5%          3

Your spell library contained the following spells:

 Spells                   Type           Power      Damage    Failure   Level
 Call Imp                 Summ           29%        N/A       2%          2
 Static Discharge         Conj/Air       9%         3-5/arc   17%         2
 Summon Guardian Golem    Hex/Summ       16%        N/A       19%         3
 Swiftness                Air            14%        N/A       22%         3
 Searing Ray              Conj           8%         2d4       28%         2
 Summon Lightning Spire   Summ/Air       21%        N/A       36%         4
 Mephitic Cloud           Conj/Pois/Air  7%         N/A       38%         3
 Ignite Poison            Fire/Tmut/Pois 4%         N/A       50%         3
 Airstrike                Air            7%         2d(1-17)  58%         4
 Corpse Rot               Necr/Pois/Air  7%         N/A       80%         4
 Fulminant Prism          Conj/Hex       2%         3d6       88%         4
 Freezing Cloud           Conj/Ice/Air   3%         6-21      98%         5
 Maxwell's Capacitive Co  Air            7%         ∞         100%        8


Dungeon Overview and Level Annotations

Branches:
Dungeon (5/15)             Temple (1/1) D:4

Altars:
Ashenzari
Cheibriados
Elyvilon
Fedhas
Gozag
Hepliaklqana
Kikubaaqudgha
Makhleb
Nemelex Xobeh
Okawaru
Qazlal
Ru
Sif Muna
Trog
Uskayaw
Vehumet
Wu Jian
Yredelemnul
Zin
The Shining One

Shops:
D:4 =

Annotations:
D:2 Sigmund
D:3 exclusions: floating eye, great orb of eyes and 2 more exclusions, Jessica
D:5 Dowan


Innate Abilities, Weirdness & Mutations

((You are very nimble when in or above water. (Stealth+, EV+, Speed+++)))
Your lower body shifts to a powerful aquatic tail in water.


Message History

k - 71 stones (gained 4)
There is an escape hatch in the ceiling here.
There is an escape hatch in the ceiling here.
A water moccasin comes into view.
Casting: Call Canine Familiar (dangerous; 5% risk of failure)
Confirm with . or Enter, or press ? or * to list all spells.
The water moccasin bites you. x2
You are poisoned.
The water moccasin poisons you!
Casting: Summon Small Mammal (safe; 1% risk of failure)
Confirm with . or Enter, or press ? or * to list all spells.
You feel very sick.
The water moccasin bites you but does no damage.
Your rat misses the water moccasin.
The water moccasin attacks as you move away!
The water moccasin bites you!
You feel very sick. The water moccasin bites you.
Your rat bites the water moccasin.
You closely miss the water moccasin.
The water moccasin is lightly wounded.
You feel very sick.
Your hound misses the water moccasin. The water moccasin closely misses you.
Your hound bites the water moccasin.
Your rat misses the water moccasin. The water moccasin bites you.
* * * LOW HITPOINT WARNING * * *
You are lethally poisoned!
The water moccasin poisons you!
You hit the water moccasin.
Your weapon exudes an aura of protection.
The water moccasin is moderately wounded.
* * * LOW HITPOINT WARNING * * *
You feel extremely sick.
Your hound bites the water moccasin.
The water moccasin bites you.
* * * LOW HITPOINT WARNING * * *
Your rat barely misses the water moccasin.
Your hound barely misses the water moccasin.
The water moccasin barely misses you.
It was a potion of brilliance.
You feel clever all of a sudden.
You die...

# ### ## #[#.. #.
###########.#.###.#### #.#.
#......<#...hr....##.# #.#.
#...........#S######.# #.#.
#...........#@#......# #.#.
#...........#.#.####.# #.#.
#.............#.#.##.######.#.
#...............#...........#.
####....o......................<.
......#...............#..#######.
......#...#....#####..##.# #.
......).>......# ....##.# #.
................ ..##.##.#######.


You could see a water moccasin (ally target), a friendly hound (summoned) and a
friendly rat (summoned).

Vanquished Creatures
  A black bear (D:5)
  A jelly (D:4)
  A hound (D:5)
  2 orc priests
  Ijyb (D:3)
  An iguana (D:5)
  An orc wizard (D:3)
  3 adders
  2 dart slugs
  4 orcs
  4 ball pythons
  A bat (D:2)
  2 endoplasms
  3 giant cockroaches (D:4)
  7 goblins
  5 hobgoblins
  5 jackals
  5 kobolds
  A quokka (D:4)
  A frilled lizard (D:3)
  5 rats
56 creatures vanquished.

Vanquished Creatures (collateral kills)
  A black bear (D:4)
  A phantom (D:4)
  An orc priest (D:5)
  Robin (D:2)
  2 adders
  An ufetubus (D:4)
  A dart slug (D:4)
  6 orcs
  4 goblins
  A hobgoblin (D:1)
  3 jackals
  2 kobolds (D:4)
  A quokka (D:4)
  A frilled lizard (D:1)
26 creatures vanquished.

Grand Total: 82 creatures vanquished

Notes
Turn   | Place    | Note
-------+----------+-------------------------------------------
     0 | D:1      | kingofthe the Merfolk Summoner began the quest for the Orb.
     0 | D:1      | Reached XP level 1. HP: 13/13 MP: 3/3
   406 | D:1      | Reached XP level 2. HP: 13/19 MP: 3/5
  1410 | D:2      | Reached XP level 3. HP: 11/24 MP: 4/6
  1663 | D:2      | Learned a level 3 spell: Call Canine Familiar
  1713 | D:2      | Noticed Sigmund
  1743 | D:2      | Noticed Robin
  2254 | D:2      | Killed Robin
  2823 | D:2      | Learned a level 1 spell: Magic Dart
  2986 | D:2      | Reached XP level 4. HP: 31/31 MP: 7/7
  3428 | D:3      | Noticed a floating eye
  3430 | D:3      | Found a faded altar of an unknown god.
  3430 | D:3      | Noticed Jessica
  3474 | D:3      | Noticed a great orb of eyes
  3771 | D:3      | Noticed Ijyb
  3832 | D:3      | Killed Ijyb
  3833 | D:3      | Reached skill level 1 in Fighting
  3956 | D:3      | Reached XP level 5. HP: 16/37 MP: 7/9
  4359 | D:3      | Got the Quarto of the Lungs
  4527 | D:4      | Noticed a phantom
  4562 | D:4      | Noticed a black bear
  4719 | D:4      | Found a staircase to the Ecumenical Temple.
  4732 | D:4      | Killed a phantom
  4733 | D:4      | Reached skill level 5 in Summonings
  4733 | D:4      | Reached XP level 6. HP: 44/44 MP: 6/10
  4745 | Temple   | Entered the Ecumenical Temple
  4899 | Temple   | Became a worshipper of Hepliaklqana the Forgotten
  5076 | D:4      | Learned a level 1 spell: Shock
  5483 | D:4      | Found an opulent altar of Gozag.
  5782 | D:4      | Found Vogutem's Jewellery Emporium.
  5791 | D:4      | Killed a black bear
  5792 | D:4      | Reached skill level 5 in Dodging
  5792 | D:4      | Reached skill level 1 in Air Magic
  5792 | D:4      | Reached XP level 7. HP: 49/51 MP: 3/12
  6016 | D:5      | Entered Level 5 of the Dungeon
  6299 | D:5      | Noticed Dowan
  6768 | D:5      | HP: 2/52 [water moccasin (6)]
  6769 | D:5      | Succumbed to a water moccasin's poison

Illustrated notes

Levels and vault maps discovered:
D:1:      psy_arrival_heroes, layout_loops_corners
D:2:      layout_basic, nicolae_titane, uniq_robin, uniq_sigmund
D:3:      wander_river, layout_basic, hellmonk_ecumenical_altar_watching_god,
          minivault_24, uniq_jessica, uniq_ijyb
D:4:      layout_loops_ring, lemuel_round_altar, minmay_temple_entry_glass,
          serial_shops, nicolae_shop_crystal, minmay_three_crescents
D:5:      layout_basic, uniq_duvessa
Temple:   nicolae_temple_bog_church

Skill      XL: |  1  2  3  4  5  6  7 |
---------------+----------------------+-----
Dodging        | 3 4 5 |  5.1
Stealth        | 3 |  3.0
Fighting       | 1 2 3 |  3.1
Spellcasting   | 3 |  3.8
Summonings     | 5 |  5.5
Air Magic      | 1 2 |  2.2

Action                   |  1- 3 |  4- 6 |  7- 9 || total
-------------------------+-------+-------+-------++-------
Melee: Short sword       |    38 |       |       ||    38
       Unarmed           |     2 |       |       ||     2
       Spear             |    64 |       |       ||    64
       Punch             |     3 |     1 |     1 ||     5
       Dagger            |    12 |    56 |       ||    68
       Mace              |     5 |    66 |    48 ||   119
       Tailslap          |       |     4 |       ||     4
 Cast: Summon Small Mamm |    16 |    13 |     2 ||    31
       Magic Dart        |       |    11 |       ||    11
       Call Canine Famil |       |     6 |     6 ||    12
       Shock             |       |     2 |    10 ||    12
  Use: Potion            |       |       |     1 ||     1
 Stab: Sleeping          |     5 |     4 |       ||     9
       Distracted        |     1 |       |       ||     1
Armor: Robe              |    19 |    32 |    14 ||    65
Dodge: Dodged            |    78 |    86 |    41 ||   205
Block: Other             |    15 |    35 |    15 ||    65
